MLB
WASHINGTON NATIONALS @ MILWAUKEE BREWERS
10/14/2018
 
TOP OF THE 1ST
Washington Nationals batting - Pitching for Milwaukee Brewers : RHP Adam Wainwright
Pitching: RHP Adam Wainwright
Batting: LHB Joe Panik 0-0: Bunted foul
0-1: Ball
1-1: Ball
2-1: Ball
3-1: Foul Ball, location: 2F
3-2: Fly out, F8 (Flyball, 8LM)
Batting: SHB Aaron Hicks 0-0: Ball
1-0: Called Strike
1-1: Swinging Strike
1-2: Strikes out swinging
Batting: LHB Andrew Benintendi 0-0: Ball
1-0: Ball
2-0: Ball
3-0: Base on Balls
Batting: RHB Yulieski Gurriel 0-0: Ball
1-0: Ball
2-0: Called Strike
2-1: Called Strike
2-2: Ball
3-2: DOUBLE (Flyball, 8LXD)
Andrew Benintendi to third
Andrew Benintendi scores
Batting: RHB Marcell Ozuna 0-0: Called Strike
0-1: Ball
1-1: Foul Ball, location: 2F
1-2: Fly out, F8 (Flyball, 8LM)
Top of the 1st over - 1 run, 1 hit, 0 errors, 1 left on base; Washington 1 - Milwaukee 0
BOTTOM OF THE 1ST
Milwaukee Brewers batting - Pitching for Washington Nationals : RHP Corey Kluber
Pitching: RHP Corey Kluber
Batting: RHB Tommy Pham 0-0: Ball
1-0: Ball
2-0: Foul Ball, location: 2F
2-1: Reached on error, E6 (Groundball, 6)
Batting: RHB Aaron Judge 0-0: Foul Ball, location: 2F
0-1: Ball
1-1: Ball
2-1: Foul Ball, location: 2F
2-2: Strikes out swinging
Batting: RHB Logan Forsythe 0-0: Ball
1-0: Ball
2-0: Called Strike
2-1: Ball
3-1: Foul Ball, location: 2F
3-2: Foul Ball, location: 2F
3-2: Strikes out swinging
Batting: RHB Gary Sanchez 0-0: Called Strike
0-1: Ball
1-1: Foul Ball, location: 2F
1-2: Strikes out swinging
Bottom of the 1st over - 0 runs, 0 hits, 1 error, 1 left on base; Washington 1 - Milwaukee 0
TOP OF THE 2ND
Washington Nationals batting - Pitching for Milwaukee Brewers : RHP Adam Wainwright
Batting: RHB Chris Taylor 0-0: Swinging Strike
0-1: Foul Ball, location: 2F
0-2: Fly out, F7 (Flyball, 78D)
Batting: RHB Tyler Flowers 0-0: Ball
1-0: Ground out 1-3 (Groundball, 15)
Batting: RHB Corey Kluber 0-0: Called Strike
0-1: Ball
1-1: Ball
2-1: Foul Ball, location: 2F
2-2: SINGLE (Flyball, 8LS)
Batting: LHB Yonder Alonso 0-0: Ball
1-0: Foul Ball, location: 2F
1-1: Called Strike
1-2: Foul Ball, location: 2F
1-2: Strikes out looking
Top of the 2nd over - 0 runs, 1 hit, 0 errors, 1 left on base; Washington 1 - Milwaukee 0
BOTTOM OF THE 2ND
Milwaukee Brewers batting - Pitching for Washington Nationals : RHP Corey Kluber
Batting: RHB Miguel Cabrera 0-0: Foul Ball, location: 2F
0-1: Called Strike
0-2: Ball
1-2: Strikes out swinging
Batting: RHB Eugenio Suarez 0-0: Swinging Strike
0-1: Ball
1-1: SINGLE (Groundball, 4MD)
Batting: LHB Seth Smith 0-0: Ball
1-0: Ball
2-0: Ball
3-0: Foul Ball, location: 2F
3-1: SINGLE (Line Drive, 34)
Eugenio Suarez to second
Batting: RHB Adam Wainwright 0-0: Ball
Eugenio Suarez steals 3rd base
Seth Smith to second
1-0: Foul Ball, location: 2F
1-1: Foul Ball, location: 2F
1-2: Foul Ball, location: 2F
1-2: Foul Ball, location: 2F
1-2: Foul Ball, location: 2F
1-2: Foul Ball, location: 2F
1-2: Foul Ball, location: 2F
1-2: Foul Ball, location: 2F
1-2: Strikes out looking
Batting: RHB Addison Russell 0-0: Called Strike
0-1: Ball
1-1: Swinging Strike
1-2: Strikes out looking
Bottom of the 2nd over - 0 runs, 2 hits, 0 errors, 2 left on base; Washington 1 - Milwaukee 0
TOP OF THE 3RD
Washington Nationals batting - Pitching for Milwaukee Brewers : RHP Adam Wainwright
Batting: LHB Joe Panik 0-0: Swinging Strike
0-1: Called Strike
0-2: Ball
1-2: Strikes out swinging
Batting: SHB Aaron Hicks 0-0: Ball
1-0: Ball
2-0: Ball
3-0: Called Strike
3-1: Swinging Strike
3-2: Fly out, F9 (Flyball, 9LSF)
Batting: LHB Andrew Benintendi 0-0: Called Strike
0-1: Swinging Strike
0-2: Fly out, F4 (Popup, 34D)
Top of the 3rd over - 0 runs, 0 hits, 0 errors, 0 left on base; Washington 1 - Milwaukee 0
BOTTOM OF THE 3RD
Milwaukee Brewers batting - Pitching for Washington Nationals : RHP Corey Kluber
Batting: RHB Tommy Pham 0-0: Ball
1-0: DOUBLE (Flyball, 89XD)
Batting: RHB Aaron Judge 0-0: Fly out, F9 (Flyball, 89S)
Batting: RHB Logan Forsythe 0-0: Called Strike
0-1: Swinging Strike
0-2: Ball
1-2: Foul Ball, location: 2F
1-2: Strikes out swinging
Batting: RHB Gary Sanchez 0-0: Called Strike
0-1: Fly out, F7 (Flyball, 7D)
Bottom of the 3rd over - 0 runs, 1 hit, 0 errors, 1 left on base; Washington 1 - Milwaukee 0
TOP OF THE 4TH
Washington Nationals batting - Pitching for Milwaukee Brewers : RHP Adam Wainwright
Batting: RHB Yulieski Gurriel 0-0: Ball
1-0: Fly out, F8 (Line Drive, 8RM)
Batting: RHB Marcell Ozuna 0-0: Called Strike
0-1: Ball
1-1: Foul Ball, location: 2F
1-2: Ball
2-2: SINGLE (Flyball, 6MD)
Batting: RHB Chris Taylor 0-0: Called Strike
0-1: Foul Ball, location: 2F
0-2: Fly out, F9 (Flyball, 9D)
Batting: RHB Tyler Flowers 0-0: Foul Ball, location: 2F
0-1: Fly out, F7 (Flyball, 7LDF)
Top of the 4th over - 0 runs, 1 hit, 0 errors, 1 left on base; Washington 1 - Milwaukee 0
BOTTOM OF THE 4TH
Milwaukee Brewers batting - Pitching for Washington Nationals : RHP Corey Kluber
Batting: RHB Miguel Cabrera 0-0: Swinging Strike
0-1: Ground out 4-3 (Groundball, 4)
Batting: RHB Eugenio Suarez 0-0: Foul Ball, location: 2F
0-1: Ball
1-1: Ball
2-1: Foul Ball, location: 2F
2-2: Hit by Pitch
Batting: LHB Seth Smith 0-0: Ball
1-0: Called Strike
1-1: Ball
2-1: SINGLE (Flyball, 7LS)
Eugenio Suarez to second
Batting: RHB Adam Wainwright 0-0: Ball
1-0: SINGLE (Groundball, 4MD)
Eugenio Suarez to third
Seth Smith to second
Runner from 3rd tries for Home, throw by CF and OUT! 8-2
Batting: RHB Addison Russell 0-0: Called Strike
0-1: Ball
1-1: Ball
2-1: Foul Ball, location: 2F
2-2: Ball
3-2: 3-RUN HOME RUN (Flyball, 7D), Distance : 359 ft
Batting: RHB Tommy Pham 0-0: Foul Ball, location: 2F
0-1: Foul Ball, location: 2F
0-2: Fly out, F9 (Line Drive, 9)
Bottom of the 4th over - 3 runs, 3 hits, 0 errors, 0 left on base; Washington 1 - Milwaukee 3
TOP OF THE 5TH
Washington Nationals batting - Pitching for Milwaukee Brewers : RHP Adam Wainwright
Batting: RHB Corey Kluber 0-0: Ground out U3 (Groundball, 3L)
Batting: LHB Yonder Alonso 0-0: Ball
1-0: Foul Ball, location: 2F
1-1: Ball
2-1: Foul Ball, location: 2F
2-2: Ball
3-2: Fly out, F6 (Popup, 6D)
Batting: LHB Joe Panik 0-0: Ball
1-0: Called Strike
1-1: Called Strike
1-2: Ball
2-2: Fly out, F9 (Flyball, 89D)
Top of the 5th over - 0 runs, 0 hits, 0 errors, 0 left on base; Washington 1 - Milwaukee 3
BOTTOM OF THE 5TH
Milwaukee Brewers batting - Pitching for Washington Nationals : RHP Corey Kluber
Batting: RHB Aaron Judge 0-0: SOLO HOME RUN (Flyball, 7LD), Distance : 369 ft
Batting: RHB Logan Forsythe 0-0: Called Strike
0-1: Swinging Strike
0-2: Ball
1-2: Ground out 6-3 (Groundball, 56)
Batting: RHB Gary Sanchez 0-0: Called Strike
0-1: Ball
1-1: Foul Ball, location: 2F
1-2: Strikes out swinging
Batting: RHB Miguel Cabrera 0-0: Ball
1-0: Called Strike
1-1: Swinging Strike
1-2: Ball
2-2: Foul Ball, location: 2F
2-2: Strikes out looking
Bottom of the 5th over - 1 run, 1 hit, 0 errors, 0 left on base; Washington 1 - Milwaukee 4
TOP OF THE 6TH
Washington Nationals batting - Pitching for Milwaukee Brewers : RHP Adam Wainwright
Batting: SHB Aaron Hicks 0-0: Ball
1-0: Called Strike
1-1: Foul Ball, location: 2F
1-2: Ball
2-2: Strikes out looking
Batting: LHB Andrew Benintendi 0-0: Ball
1-0: Ball
2-0: Foul Ball, location: 2F
2-1: Ground out 5-3 (Groundball, 56)
Batting: RHB Yulieski Gurriel 0-0: Ball
1-0: Called Strike
1-1: Called Strike
1-2: Ball
2-2: Foul Ball, location: 2F
2-2: Ball
3-2: Foul Ball, location: 2F
3-2: Foul Ball, location: 2F
3-2: SINGLE (Groundball, 56D)
Pitching: RHP Mark Melancon
Now at 1B: Lucas Duda
Batting: RHB Marcell Ozuna 0-0: Called Strike
0-1: Called Strike
0-2: Strikes out looking
Top of the 6th over - 0 runs, 1 hit, 0 errors, 1 left on base; Washington 1 - Milwaukee 4
BOTTOM OF THE 6TH
Milwaukee Brewers batting - Pitching for Washington Nationals : RHP Corey Kluber
Batting: RHB Eugenio Suarez 0-0: Ball
1-0: Ground out 6-3 (Groundball, 56)
Batting: LHB Seth Smith 0-0: Foul Ball, location: 2F
0-1: Fly out, F8 (Flyball, 8RM)
Batting: LHB Lucas Duda 0-0: Called Strike
0-1: Called Strike
0-2: Foul Ball, location: 2F
0-2: Ball
1-2: Strikes out swinging
Bottom of the 6th over - 0 runs, 0 hits, 0 errors, 0 left on base; Washington 1 - Milwaukee 4
TOP OF THE 7TH
Washington Nationals batting - Pitching for Milwaukee Brewers : RHP Mark Melancon
Batting: RHB Chris Taylor 0-0: Ball
1-0: Ball
2-0: Foul Ball, location: 2F
2-1: Called Strike
2-2: Strikes out swinging
Batting: RHB Tyler Flowers 0-0: Called Strike
0-1: Foul Ball, location: 2F
0-2: Ball
1-2: Strikes out swinging
Pinch Hitting: SHB Jed Lowrie 0-0: Ground out 1-3 (Groundball, 13)
Top of the 7th over - 0 runs, 0 hits, 0 errors, 0 left on base; Washington 1 - Milwaukee 4
BOTTOM OF THE 7TH
Milwaukee Brewers batting - Pitching for Washington Nationals : RHP Corey Kluber
Pitching: RHP Dominic Leone
Batting: RHB Addison Russell 0-0: Ground out 5-3 (Groundball, 56S)
Batting: RHB Tommy Pham 0-0: Called Strike
0-1: Called Strike
0-2: Ball
1-2: Strikes out swinging
Batting: RHB Aaron Judge 0-0: Foul Ball, location: 2F
0-1: Ball
1-1: Ball
2-1: Foul Ball, location: 2F
2-2: Ball
3-2: Strikes out looking
Bottom of the 7th over - 0 runs, 0 hits, 0 errors, 0 left on base; Washington 1 - Milwaukee 4
TOP OF THE 8TH
Washington Nationals batting - Pitching for Milwaukee Brewers : RHP Mark Melancon
Pitching: RHP Craig Kimbrel
Batting: LHB Yonder Alonso 0-0: Ball
1-0: Called Strike
1-1: Ball
2-1: SOLO HOME RUN (Flyball, 89XD), Distance : 407 ft
Batting: LHB Joe Panik 0-0: Called Strike
0-1: Ground out 4-3 (Groundball, 34D)
Batting: SHB Aaron Hicks 0-0: Foul Ball, location: 2F
0-1: Ground out 6-3 (Groundball, 4M)
Batting: LHB Andrew Benintendi 0-0: Called Strike
0-1: Swinging Strike
0-2: Fly out, F7 (Flyball, 78XD)
Top of the 8th over - 1 run, 1 hit, 0 errors, 0 left on base; Washington 2 - Milwaukee 4
BOTTOM OF THE 8TH
Milwaukee Brewers batting - Pitching for Washington Nationals : RHP Dominic Leone
Batting: RHB Logan Forsythe 0-0: Foul Ball, location: 2F
0-1: Swinging Strike
0-2: Ball
1-2: Hit by Pitch
Batting: RHB Gary Sanchez 0-0: Foul Ball, location: 2F
0-1: Ball
1-1: Swinging Strike
1-2: Ball
2-2: Foul Ball, location: 2F
2-2: Fly out, F8 (Flyball, 8RXD)
Pinch Hitting: RHB Jabari Blash
Pitching: RHP Joakim Soria 0-0: Called Strike
0-1: Foul Ball, location: 2F
0-2: Strikes out swinging
Batting: RHB Eugenio Suarez 0-0: Swinging Strike
0-1: Foul Ball, location: 2F
0-2: Ball
1-2: Ball
2-2: Foul Ball, location: 2F
2-2: Ball
3-2: Strikes out swinging
Bottom of the 8th over - 0 runs, 0 hits, 0 errors, 1 left on base; Washington 2 - Milwaukee 4
TOP OF THE 9TH
Washington Nationals batting - Pitching for Milwaukee Brewers : RHP Craig Kimbrel
Pitching: LHP Andrew Miller
Batting: RHB Yulieski Gurriel 0-0: Called Strike
0-1: Swinging Strike
0-2: Ground out 6-3 (Groundball, 56)
Batting: RHB Marcell Ozuna 0-0: Called Strike
0-1: Ball
1-1: Foul Ball, location: 2F
1-2: Ball
2-2: Strikes out swinging
Batting: RHB Chris Taylor 0-0: Ball
1-0: Swinging Strike
1-1: Foul Ball, location: 2F
1-2: Strikes out looking
Top of the 9th over - 0 runs, 0 hits, 0 errors, 0 left on base; Washington 2 - Milwaukee 4
Friday, December 28th, 2018 - OOTP Baseball 19.11 Build 129